AoeStats
← waw15

Nomad

503386907Analyzed
4v4 RM · 1mo ago on Aug 31, 2026· 44m 47s· 8 players
Game mode
Random Map
Map size
231×231
Population
200
Speed
Normal
Resources
Standard
Victory
Conquest
Starting age
Dark Age
Ending age
Imperial Age
RankedLock teamsTeams togetherTeam positionsShared explorationLock speedFull tech treeHidden civsTurbo modeCheats
Victory
Defeat
🇨🇳 Vietnamese · China
1030
+12
🇭🇰 Magyars · Hong Kong SAR China
1011
+13
🇪🇸 Romans · Spain
1004
+13
🇨🇳 Huns · China
984
+14
🇨🇳 Spanish · China
1000
-47
🇮🇹 Goths · Italy
937
-36
🇬🇧 Mongols · United Kingdom
931
-13
🇨🇳 Wei · China
876
-10
borealisawesome
8:50 Loom
15:30 Feudal Age
17:55 Wheelbarrow
22:23 Castle Age
23:05 Bloodlines
26:53 Pikeman
30:35 Hand Cart
32:01 Gold Mining
32:04 Stone Mining
31:56 Horse Collar
38:57 Scale Barding Armor
38:45 Fletching
40:38 Town Watch
41:14 Heavy Plow
44:30 Imperial Age
41:37 Elite Skirmisher
42:22 Husbandry
45:17 Chain Barding Armor
Doodo
3:35 Loom
13:50 Feudal Age
18:42 Castle Age
17:41 Double-Bit Axe
18:06 Horse Collar
21:24 Gold Mining
21:36 Stone Mining
23:47 Gold Shaft Mining
25:38 Husbandry
25:46 Scale Barding Armor
26:52 Marauders
27:10 Bloodlines
27:24 Chain Barding Armor
27:48 Heavy Plow
32:30 Forging
39:00 Imperial Age
38:53 Wheelbarrow
40:11 Iron Casting
40:25 Hand Cart
41:25 Elite Tarkan
42:26 Conscription
45:36 Plate Barding Armor
45:01 Scale Mail Armor
46:02 Blast Furnace
vargasibanezantonio
8:46 Loom
17:31 Feudal Age
20:46 Scale Mail Armor
20:59 Double-Bit Axe
22:33 Man-at-Arms
23:34 Forging
25:13 Town Watch
25:12 Man-at-Arms
34:02 Castle Age
32:24 Horse Collar
34:16 Long Swordsman
35:14 Chain Mail Armor
37:31 Pikeman
41:07 Iron Casting
42:34 Wheelbarrow
44:11 Gold Mining
44:13 Stone Mining
wo cao
5:12 Loom
13:02 Feudal Age
15:57 Town Watch
18:41 Castle Age
16:34 Fletching
17:00 Fishing Lines
18:00 Padded Archer Armor
17:51 Double-Bit Axe
18:56 Gold Mining
19:34 Gillnets
19:44 Bodkin Arrow
20:23 Bow Saw
20:51 Wheelbarrow
20:54 Medium Warships
22:10 Leather Archer Armor
23:16 Hand Cart
24:40 Hand Cart
25:14 Thumb Ring
29:23 Ballistics
33:16 Horse Collar
35:46 Bloodlines
35:37 Husbandry
37:14 Heavy Plow
40:09 Imperial Age
37:26 Town Watch
37:35 Stone Mining
37:31 Treadmill Crane
41:01 Stone Shaft Mining
40:48 Heavy Cavalry Archer
42:34 Chemistry
41:40 Bracer
42:11 Ring Archer Armor
41:48 Scale Barding Armor
41:42 Capped Ram
42:54 Paper Money
43:03 Paper Money
昵称不可见
15:49 Feudal Age
23:10 Castle Age
21:53 Bloodlines
25:00 Husbandry
28:21 Gold Mining
28:13 Horse Collar
37:31 Stone Mining
八贤王
3:30 Loom
15:35 Feudal Age
16:03 Fishing Lines
19:06 Double-Bit Axe
39:50 Castle Age
waw15
12:49 Feudal Age
17:35 Castle Age
17:29 Loom
23:02 Forging
22:58 Scale Barding Armor
27:15 Light Cavalry
27:56 Husbandry
32:24 Iron Casting
31:55 Scale Barding Armor
38:32 Nomads
41:06 Imperial Age
39:12 Double-Bit Axe
43:27 Fletching
44:37 Blast Furnace
luca92a
5:28 Loom
13:43 Feudal Age
13:56 Man-at-Arms
16:24 Wheelbarrow
28:00 Double-Bit Axe
29:28 Scale Mail Armor
29:39 Forging
31:21 Horse Collar
33:23 Fletching
33:28 Stone Mining
36:04 Castle Age
34:02 Gold Mining
37:06 Hand Cart
36:34 Fishing Lines
37:53 Heavy Plow
40:25 Medium Warships
40:48 Bow Saw
40:44 Long Swordsman
44:26 Squires
Connection lost

Rejoining the realm…

Still unreachable

The connection could not be restored.

Session expired

The server has moved on; the page needs a fresh start.